 Dungeon Crawl Stone Soup version 0.31.0-32-g396128a36d (webtiles) character file.

Game seed: 16030474774502794895

206339 Logoto the Bludgeoner (level 18, -3/262 (267) HPs)
             Began as a Minotaur Berserker on Apr 7, 2024.
             Was a High Priest of Trog.
             Slain by a pharaoh ant (19 damage)
             ... on level 2 of the Lair of Beasts on Apr 8, 2024.
             The game lasted 01:50:18 (29314 turns).

Logoto the Bludgeoner (Minotaur Berserker)         Turns: 29314, Time: 01:50:19

HP:   -3/262 (267)  AC: 39    Str: 37    XL:     18   Next: 6%
MP:   17/17         EV: 11    Int:  4    God:    Trog [*****.]
Gold: 2304          SH: 21    Dex: 11    Spells: 17/17 levels left

rFire   + . .        O - +7 eveningstar of Boroeshru {flame, Str+2}
rCold   + . .        d - +3 kite shield {AC+3}
rNeg    . . .        n - +9 scales of the Dragon King {rPois rF+ rC+ Will+}
rPois   +            (helmet restricted)
rElec   .            a - scarf {repulsion}
rCorr   .            x - +2 pair of gloves {hurl}
SInv    .            V - +0 pair of boots
Will    ++...        I - amulet "Emnudu" {Reflect SH+5 Stlth+} Stlth
                     A - +6 ring of strength
HPRegen 0.63/turn    G - ring of poison resistance
MPRegen 0.15/turn

%: repel missiles, reflection
@: berserking, lethally poisoned (-3 -> -37), studying Ranged Weapons, lightly
drained, very quick
A: horns 2, retaliatory headbutt
}: 1/15 runes: barnacled
a: Renounce Religion, Berserk, Trog's Hand, Brothers in Arms


You were on level 2 of the Lair of Beasts.
You worshipped Trog.
Trog was extremely pleased with you.
You visited 5 branches of the dungeon, and saw 27 of its levels.
You also visited: Bailey and Volcano.

You collected 4576 gold pieces.
You spent 2272 gold pieces at shops.

Inventory:

Hand Weapons
 m - the +3 executioner's axe of Vekugge {antimagic, ^Drain Will+ Stlth+}
   (Trog gifted it to you on level 2 of the Orcish Mines)

   Will+:     It increases your willpower.
   ^Drain:    It drains your maximum health when unequipped.
   Stlth+:    It makes you more stealthy.
 y - the +9 mace of the Hurling Messenger {protect, Will++}
   (You took it off an orc on level 4 of the Dungeon)

   Will++:    It greatly increases your willpower.
 O - the +7 eveningstar of Boroeshru (weapon) {flame, Str+2}
   (Trog gifted it to you on level 4 of the Lair of Beasts)

   Str+2:     It affects your strength (+2).
 Y - a +4 war axe of electrocution
Missiles
 f - 77 poisoned darts (quivered)
Armour
 a - a scarf of repulsion (worn)
 d - a +3 kite shield of protection (worn)
 n - the +9 scales of the Dragon King (worn) {rPois rF+ rC+ Will+}
   (You bought it in a shop on level 2 of the Orcish Mines)

   rF+:       It protects you from fire.
   rC+:       It protects you from cold.
   rPois:     It protects you from poison Will+: It increases your willpower.
 x - a +2 pair of gloves of hurling (worn)
 V - a +0 pair of boots (worn)
Jewellery
 A - a +6 ring of strength (left hand)
 B - a ring of protection from fire
 G - a ring of poison resistance (right hand)
 I - the amulet "Emnudu" (around neck) {Reflect SH+5 Stlth+}
   (You found it on level 14 of the Dungeon)

   [amulet of reflection]

   Reflect:   It reflects blocked missile attacks.
   SH+5:      It affects your SH (+5).
   Stlth+:    It makes you more stealthy.
Wands
 F - a wand of charming (25)
 P - a wand of iceblast (19)
 S - a wand of mindburst (6)
 T - a wand of flame (16)
 Z - a wand of quicksilver (11)
Scrolls
 e - 5 scrolls of fog
 g - 6 scrolls of fear
 l - 3 scrolls of silence
 q - 5 scrolls of enchant weapon
 r - 5 scrolls of enchant armour
 s - 15 scrolls of teleportation
 v - 3 scrolls of poison
 w - 7 scrolls of revelation
 E - 2 scrolls of blinking
 L - 3 scrolls of butterflies
 X - a scroll of brand weapon
Potions
 b - 6 potions of curing
 c - a potion of mutation
 h - 7 potions of enlightenment
 j - 11 potions of heal wounds
 o - 3 potions of haste
 t - 2 potions of lignification
 u - 5 potions of invisibility
 C - 3 potions of might
 D - 6 potions of ambrosia
 H - 2 potions of resistance
 J - 3 potions of berserk rage
 M - a potion of magic
 W - a potion of cancellation
Miscellaneous
 z - a box of beasts


   Skills:
 * Level 20.0 Fighting
 + Level 10.4(16.7) Axes
 * Level 20.5(21.3) Maces & Flails
 + Level 1.7 Throwing
 * Level 17.5 Armour
 + Level 10.7 Dodging
 + Level 2.9 Stealth
 + Level 15.5 Shields


You had 17 spell levels left.
You didn't know any spells.
Your spell library was empty.

Dungeon Overview and Level Annotations

Branches:
Dungeon (15/15)            Temple (0/1) D:4            Lair (5/5) D:8
 Shoals (4/4) Lair:2       Spider (1/4) Lair:2        Slime (0/5) Lair:5
    Orc (2/2) D:10            Elf (0/3) Orc:2        Vaults (0/5) D:13
 Depths (0/4) D:15         Bailey (visited)         Volcano (visited)

Altars:
Ashenzari
Dithmenos
Kikubaaqudgha
Makhleb
Ru
Sif Muna
Uskayaw
Wu Jian
Jiyva

Shops:
D:4 (   D:10 *   D:13 =   D:15 !   Orc:2 *[[!(   Shoals:1 ?(([*

Annotations:
Lair:5 exclusion: 3 oklob plants
Shoals:2 2 transporters, Logoto's ghost, adept HOBe


Innate Abilities, Weirdness & Mutations

You have a pair of horns on your head.
You reflexively headbutt those who attack you in melee.


Message History

You block the redback's attack. The spark wasp stings you!
* * * LOW HITPOINT WARNING * * *
The spark wasp shocks you!
* * * LOW HITPOINT WARNING * * *
You are too berserk!
You puncture the spark wasp! You burn the spark wasp.
You headbutt the spark wasp!
You feel the power of Trog in you as your rage grows.
You kill the spark wasp!
Trog accepts your kill.
* * * LOW HITPOINT WARNING * * *
You feel very sick. The redback bites you!
* * * LOW HITPOINT WARNING * * *
You block the wolf spider's attack. x2
The pharaoh ant bites you but does no damage.
You block the redback's attack.
You sock the wolf spider! You burn the wolf spider.
You headbutt the wolf spider.
The wolf spider is heavily wounded.
* * * LOW HITPOINT WARNING * * *
You feel very sick. You block the redback's attack.
The wolf spider hits you but does no damage.
You block the wolf spider's attack.
You sock the wolf spider! You burn the wolf spider.
The wolf spider is almost dead.
* * * LOW HITPOINT WARNING * * *
You feel very sick. You block the redback's attack. The pharaoh ant bites you!
* * * LOW HITPOINT WARNING * * *
You block the redback's attack.
You flatten the wolf spider like a pancake!!!
You burn the wolf spider.
You kill the wolf spider!
Trog accepts your kill.
* * * LOW HITPOINT WARNING * * *
You feel very sick.
You block the redback's attack. x2; The pharaoh ant bites you!!
You die...

..#P....##.....#.....#......#....
........#......##...........#....
..##....##......##.#.#...........
..########....[###.#.............
...##P.##....##...##?........#.#P
............#.......#............
............#..###..#............
#####..#####..#.#s#.#............
# ##..####..##@†###.......#.... #
##########..#B†s#.#......###.##
###.....##P.#..###..##.....###.P.
.#..........#...#...#.#....P#.<..
##.......#...##.#.##.#......##†..
###............###.####....#.##..
.####.##.#.....##### #.....###.#
###########....### ###.....#.#+.
.#P.##PP##.....######.#..........


You could see a pharaoh ant and 2 redbacks.

Vanquished Creatures
  Jorgrun (Shoals:3)
  A titan (Shoals:4)
  Polyphemus (Shoals:2)
  2 krakens (Shoals:2)
  Aizul (Shoals:2)
  An emperor scorpion (Spider:1)
  The ghost of Nuet the Marksfrog, a journeyman BaHu of Okawaru (D:15)
  3 orc warlords
  The ghost of Haeliox the Markskobold, a journeyman KoHu of Hepliaklqana (D:13)
  A formless jellyfish (Shoals:4)
  A minotaur (D:15)
  A spark wasp (Lair:2)
  An ettin (D:15)
  An entropy weaver (shapeshifter) (D:13)
  Josephine (D:12)
  5 merfolk javelineers (Shoals:4)
  The ghost of asasucksnuts the Cleaver, a journeyman MiBe of Trog (D:11)
  8 merfolk impalers
  A yaktaur captain (D:13)
  11 hydras
  An ice dragon (Lair:5)
  4 vault guards (D:13)
  4 catoblepae
  2 jorogumos (Lair:2)
  Fannar (D:10)
  2 alligator snapping turtles
  2 ogre magi
  A radroach (Lair:2)
  A death knight (D:13)
  7 merfolk aquamancers
  A merfolk avatar (Shoals:3)
  7 centaur warriors
  An anaconda (Lair:5)
  4 satyrs
  12 two-headed ogres
  12 boulder beetles
  5 death yaks
  2 tengu warriors
  An orc high priest (Orc:1)
  3 demonic crawlers (Spider:1)
  A hell hog (Lair:5)
  6 skysharks
  4 skeletal warriors (D:14)
  3 deep trolls
  11 sea snakes
  4 orb spiders (Spider:1)
  An arcanist (D:15)
  3 lindwurms (Lair:5)
  2 steelbarb worms
  3 orc knights
  22 harpies
  3 deep elf pyromancers
  7 cyclopes
  13 manticores
  2 orc sorcerers
  16 fauns
  A moth of wrath (Spider:1)
  An ugly thing (D:13)
  3 wolf spiders
  7 meliai
  Maurice (Orc:1)
  7 water nymphs
  18 elephants
  A black mamba (shapeshifter) (D:14)
  2 kobold blastminers (Orc:1)
  5 merfolk sirens
  3 black mambas
  A gargoyle (D:12)
  14 cane toads
  An unseen horror (D:10)
  6 torpor snails (Lair:5)
  A kobold demonologist (D:12)
  Maggie (D:10)
  An efreet (Volcano)
  A yaktaur (D:15)
  4 tengu conjurers
  5 rime drakes
  10 komodo dragons
  A komodo dragon (shapeshifter) (D:13)
  10 polar bears
  23 merfolk
  A queen bee (Lair:4)
  15 hornets
  15 dream sheep
  12 wind drakes
  12 trolls
  5 raiju (Lair:5)
  10 tarantellas
  Prince Ribbit (D:8)
  8 blink frogs
  7 snapping turtles
  4 tyrant leeches (Lair:5)
  A jumping spider (Lair:2)
  3 culicivoras
  Sigmund (D:2)
  2 vampires
  12 slime creatures
  6 air elementals (Shoals:4)
  30 yaks
  20 water elementals
  6 wraiths
  A centaur simulacrum (D:14)
  2 basilisks
  7 wyverns
  10 wargs
  A steam dragon (D:8)
  16 redbacks
  Grum (D:10)
  3 vampire mosquitoes (D:12)
  Edmund (D:6)
  12 hell hounds (Lair:5)
  15 water moccasins
  2 acid dragons
  26 orc warriors
  2 sky beasts (D:7)
  9 ice beasts
  14 black bears
  10 centaurs
  25 wolves
  A centaur (shapeshifter) (D:15)
  25 ogres
  The ghost of Tripartite the Sneak, an amateur OpBr (D:3)
  6 kobold brigands
  9 bullfrogs
  A scorpion (D:2)
  5 gnoll sergeants
  8 wights
  36 killer bees
  3 vampire bats (Lair:2)
  8 howler monkeys
  2 hounds
  2 jellies
  8 orc priests
  A hound (shapeshifter) (D:13)
  A gnoll bouda (D:3)
  An iguana (D:6)
  A sleepcap (D:6)
  27 orc wizards
  6 hell rats (Lair:2)
  Terence (D:2)
  A boggart simulacrum (D:13)
  37 gnolls
  8 adders
  A white imp (D:7)
  2 dart slugs
  70 orcs
  2 endoplasms
  3 giant cockroaches
  17 goblins
  12 hobgoblins
  13 jackals
  2 quokkas
  6 ball pythons
  13 bats
  4 frilled lizards
  16 kobolds
  10 rats
1044 creatures vanquished.

Vanquished Creatures (others)
  A howler monkey (D:9)
  An orc wizard (D:7)
  15 tentacles (Shoals:2)
17 creatures vanquished.

Grand Total: 1061 creatures vanquished

Notes
Turn   | Place    | Note
-------+----------+-------------------------------------------
     0 | D:1      | Logoto the Minotaur Berserker began the quest for the Orb.
     0 | D:1      | Reached XP level 1. HP: 19/19 MP: 0/0
    59 | D:1      | Reached XP level 2. HP: 24/27 MP: 1/1
   182 | D:1      | Reached ** piety under Trog
   183 | D:1      | Reached XP level 3. HP: 33/33 MP: 2/2
   670 | D:2      | Noticed Terence
   676 | D:2      | Killed Terence
   677 | D:2      | Reached XP level 4. HP: 36/41 MP: 3/3
   837 | D:2      | Noticed a scorpion
   844 | D:2      | Killed a scorpion
   845 | D:2      | Reached skill level 5 in Fighting
   845 | D:2      | Reached skill level 5 in Axes
   845 | D:2      | Reached XP level 5. HP: 48/48 MP: 4/4
   971 | D:2      | Noticed Sigmund
   977 | D:2      | Killed Sigmund
   978 | D:2      | Reached XP level 6. HP: 56/56 MP: 5/5
  1661 | D:3      | Found a runed translucent gate.
  1662 | D:3      | Found a runed translucent gate.
  1662 | D:3      | Noticed Tripartite's ghost (amateur OpBr)
  1663 | D:3      | Found a runed translucent gate.
  1672 | D:3      | Identified the +9 mace of the Hurling Messenger {protect,
                  | Will++}
  1672 | D:3      | Identified the +5 ring mail of the Cockroach {-Cast Fly
                  | Regen+}
  1844 | D:3      | Reached *** piety under Trog
  1994 | D:3      | Found a shimmering blue altar of Sif Muna.
  3028 | D:3      | Killed Tripartite's ghost
  3029 | D:3      | Reached XP level 7. HP: 62/62 MP: 6/6
  3093 | D:4      | Found an ornate altar of the Wu Jian Council.
  3094 | D:4      | Found a hide-covered altar of Uskayaw.
  3096 | D:4      | Found an ancient bone altar of Kikubaaqudgha.
  3277 | D:4      | Found a staircase to the Ecumenical Temple.
  3403 | D:4      | Found Plog's Weapon Boutique.
  3425 | D:4      | Found a shadowy altar of Dithmenos.
  3523 | D:5      | Entered Level 5 of the Dungeon
  4025 | D:5      | You are sucked into a shaft and drop 1 floor!
  4035 | D:6      | Reached skill level 1 in Maces & Flails
  4043 | D:6      | Reached skill level 1 in Throwing
  4043 | D:6      | Reached skill level 5 in Armour
  4043 | D:6      | Reached skill level 1 in Stealth
  4083 | D:6      | Reached XP level 8. HP: 70/70 MP: 7/7
  4358 | D:5      | Reached **** piety under Trog
  5044 | D:6      | Noticed Edmund
  5053 | D:6      | Killed Edmund
  5078 | D:6      | Reached skill level 5 in Maces & Flails
  5453 | D:7      | Reached skill level 5 in Dodging
  5453 | D:7      | Reached XP level 9. HP: 79/79 MP: 8/8
  6041 | D:8      | Noticed a rime drake
  6106 | D:8      | Killed a rime drake
  6456 | D:8      | Noticed Prince Ribbit
  6462 | D:8      | Killed Prince Ribbit
  6472 | D:8      | Reached XP level 10. HP: 90/90 MP: 9/9
  6517 | D:8      | Found a staircase to the Lair.
  7339 | D:9      | Noticed a two-headed ogre
  7351 | D:8      | Killed a two-headed ogre
  7352 | D:8      | Reached skill level 10 in Fighting
  7569 | D:9      | Found a flagged portal.
  7584 | Bailey   | Entered a bailey
  7615 | Bailey   | Reached ***** piety under Trog
  7810 | Bailey   | Noticed an orc knight
  7829 | Bailey   | Killed an orc knight
  7830 | Bailey   | Reached skill level 10 in Maces & Flails
  8114 | Bailey   | Noticed an orc warlord
  8119 | Bailey   | Reached XP level 11. HP: 93/101 MP: 10/10
  8134 | Bailey   | Killed an orc warlord
  8317 | Bailey   | Identified the +5 falchion "Undertaker" {venom, Dex+3}
  8663 | D:10     | Entered Level 10 of the Dungeon
  8918 | D:10     | Found Dubelic's General Store.
  8919 | D:10     | Noticed Fannar
  8957 | D:10     | Killed Fannar
  9075 | D:10     | Noticed Grum
  9084 | D:10     | Killed Grum
  9241 | D:10     | Noticed Maggie
  9250 | D:10     | Killed Maggie
  9534 | D:10     | Found a staircase to the Orcish Mines.
  9565 | D:10     | Reached skill level 10 in Armour
 10114 | Lair:1   | Entered Level 1 of the Lair of Beasts
 10124 | Lair:1   | Reached skill level 10 in Axes
 10131 | D:8      | Acquired a +2 kite shield of protection
 10132 | D:8      | Acquired 1197 gold pieces
 10292 | Lair:1   | Reached skill level 1 in Shields
 10490 | Lair:2   | Found a staircase to the Shoals.
 10503 | Lair:2   | Noticed a six-headed hydra
 10509 | Lair:2   | Received a gift from Trog
 10535 | Lair:2   | Killed a six-headed hydra
 10536 | Lair:2   | Reached XP level 12. HP: 42/112 MP: 11/11
 10554 | Lair:2   | Noticed a seven-headed hydra
 10570 | Lair:2   | Killed a seven-headed hydra
 11019 | Lair:2   | Found a hole to the Spider Nest.
 11506 | Lair:2   | Reached skill level 5 in Shields
 11805 | Lair:3   | Noticed a six-headed hydra
 11816 | Lair:3   | Killed a six-headed hydra
 12013 | Lair:3   | Noticed a six-headed hydra
 12021 | Lair:3   | Killed a six-headed hydra
 12171 | Lair:3   | Noticed a five-headed hydra
 12179 | Lair:3   | Killed a five-headed hydra
 12719 | Lair:4   | Paralysed by a hornet for 1 turns
 12727 | Lair:4   | Reached XP level 13. HP: 122/122 MP: 12/12
 13528 | Lair:4   | Identified the +7 eveningstar of Boroeshru {flame, Str+2}
                  | (Trog gifted it to you on level 4 of the Lair of Beasts)
 13528 | Lair:4   | Received a gift from Trog
 13680 | Lair:5   | Entered Level 5 of the Lair of Beasts
 13984 | Lair:5   | Reached skill level 15 in Maces & Flails
 14031 | Lair:5   | Reached XP level 14. HP: 133/133 MP: 13/13
 14314 | Lair:5   | Reached skill level 10 in Dodging
 14489 | Lair:5   | Paralysed by a hornet for 2 turns
 14494 | Lair:5   | Received a gift from Trog
 14980 | Lair:5   | Reached skill level 15 in Fighting
 15137 | Lair:5   | Identified the maw talisman of the Arena {*Corrode rPois
                  | Str+2}
 15233 | Lair:5   | Identified the +2 spear of Roekua {flame, rF+ Will++ Dex+3}
 15430 | Lair:5   | Found a staircase to the Slime Pits.
 15471 | Lair:5   | Found a viscous altar of Jiyva.
 15636 | Orc:1    | Entered Level 1 of the Orcish Mines
 15720 | Orc:1    | Paralysed by an orc sorcerer for 5 turns
 15868 | Orc:1    | Noticed Maurice
 15876 | Orc:1    | Killed Maurice
 15911 | Orc:1    | You are sucked into a shaft and drop 1 floor!
 15911 | Orc:2    | Entered Level 2 of the Orcish Mines
 15911 | Orc:2    | Noticed an orc warlord
 15914 | Orc:2    | Identified the +3 executioner's axe of Vekugge {antimagic,
                  | ^Drain Will+ Stlth+} (Trog gifted it to you on level 2 of
                  | the Orcish Mines)
 15914 | Orc:2    | Received a gift from Trog
 15919 | Orc:2    | Killed an orc warlord
 15953 | Orc:2    | Found Aweiggas's Antique Armour Shop.
 15965 | Orc:1    | Reached skill level 10 in Shields
 16157 | Orc:1    | Found a dark tunnel.
 16171 | Volcano  | Entered a volcano
 16234 | Orc:2    | Found a staircase to the Elven Halls.
 16268 | Orc:2    | Reached XP level 15. HP: 143/143 MP: 14/14
 16498 | Orc:2    | Found Hybben's Armour Boutique.
 16578 | Orc:2    | Received a gift from Trog
 16622 | Orc:2    | Found Cogoh's Assorted Antiques.
 16764 | Orc:2    | Found Goivaocs's Antique Weapon Emporium.
 16773 | Orc:2    | Found Qouggae's Distillery.
 16790 | Orc:2    | Bought a potion of heal wounds for 65 gold pieces
 16790 | Orc:2    | Bought a potion of heal wounds for 65 gold pieces
 16790 | Orc:2    | Bought a potion of heal wounds for 65 gold pieces
 17115 | Orc:2    | Bought the +9 scales of the Dragon King {rPois rF+ rC+
                  | Will+} for 1372 gold pieces
 17115 | Orc:2    | Found the +9 scales of the Dragon King {rPois rF+ rC+
                  | Will+}
 17141 | Orc:2    | Bought a pair of runed gloves for 285 gold pieces
 17981 | D:11     | Found a runed translucent gate.
 17981 | D:11     | Found a runed translucent gate.
 17981 | D:11     | Found a runed translucent gate.
 17982 | D:11     | Noticed asasucksnuts's ghost (journeyman MiBe)
 17993 | D:11     | Killed asasucksnuts's ghost
 18073 | D:12     | Received a gift from Trog
 18332 | D:12     | Noticed Josephine
 18341 | D:12     | Killed Josephine
 18671 | D:13     | Found Paubiuni's Jewellery Boutique.
 18748 | D:13     | Bought a ring of poison resistance for 260 gold pieces
 18852 | D:13     | Identified the blade talisman "Pukloc" {SInv}
 19008 | D:13     | Found a gate to the Vaults.
 19103 | D:13     | Found a transporter.
 19109 | D:13     | Noticed Haeliox's ghost (journeyman KoHu)
 19117 | D:13     | Found a transporter.
 19244 | D:13     | Killed Haeliox's ghost
 19311 | D:14     | Reached XP level 16. HP: 155/156 MP: 15/15
 19722 | D:14     | Identified the amulet "Emnudu" {Reflect SH+5 Stlth+}
 20034 | D:15     | Entered Level 15 of the Dungeon
 20034 | D:15     | Noticed Nuet's ghost (journeyman BaHu)
 20137 | D:15     | Found a staircase to the Depths.
 20287 | D:15     | Found Roheru's Distillery.
 20579 | D:15     | Bought 2 potions of heal wounds for 160 gold pieces
 20611 | D:15     | Found a runed translucent gate.
 20612 | D:15     | Found a runed translucent gate.
 20613 | D:15     | Found a runed translucent gate.
 20749 | D:15     | Found a broken altar of Ashenzari.
 20933 | D:15     | Killed Nuet's ghost
 21203 | Shoals:1 | Entered Level 1 of the Shoals
 21203 | Shoals:1 | Found Qiehen's General Store.
 21217 | Shoals:1 | Found Jaenkiar's Antique Weapon Emporium.
 21498 | Shoals:1 | Found Gurphup's Armour Shoppe.
 21513 | Shoals:1 | Reached skill level 15 in Armour
 21554 | Shoals:1 | Found Huahax's Weapon Emporium.
 21585 | Shoals:1 | Found Koisegri's Magic Scroll Shop.
 22363 | Shoals:2 | Noticed Polyphemus
 22386 | Shoals:2 | Killed Polyphemus
 22708 | Shoals:2 | Noticed a kraken
 22780 | Shoals:2 | Killed a kraken
 23374 | Shoals:2 | Identified the +4 demon whip of the Real Monster {heavy,
                  | rElec rC++ Will+ Str-4} (Trog gifted it to you on level 2
                  | of the Shoals)
 23374 | Shoals:2 | Received a gift from Trog
 23846 | Shoals:2 | Found a transporter.
 23846 | Shoals:2 | Found a transporter.
 23851 | Shoals:2 | Noticed Logoto's ghost (adept HOBe)
 24057 | Shoals:2 | Noticed a kraken
 24073 | Shoals:2 | Killed a kraken
 24292 | Shoals:2 | Identified the serpent talisman of the Slorg {Str+4 Dex+3}
 24292 | Shoals:2 | Noticed Aizul
 24300 | Shoals:2 | Killed Aizul
 24703 | Shoals:3 | Reached XP level 17. HP: 147/166 MP: 16/16
 24960 | Shoals:3 | Noticed Jorgrun
 24986 | Shoals:3 | Killed Jorgrun
 25008 | Shoals:3 | Found a burning altar of Makhleb.
 25371 | Shoals:3 | Received a gift from Trog
 26028 | Shoals:4 | Entered Level 4 of the Shoals
 26028 | Shoals:4 | Found a sacrificial altar of Ru.
 26319 | Shoals:4 | Identified the ring of Veesk {rC+ rN+ Dex+6}
 26357 | Shoals:4 | Paralysed by an air elemental for 1 turns
 26360 | Shoals:4 | Paralysed by an air elemental for 1 turns
 26425 | Shoals:4 | Paralysed by an air elemental for 1 turns
 26607 | Shoals:4 | Identified the +4 war axe "Hefoll" {vamp, Int+3}
 26833 | Shoals:4 | Paralysed by an air elemental for 1 turns
 27065 | Shoals:4 | Paralysed by an air elemental for 1 turns
 27231 | Shoals:4 | Paralysed by an air elemental for 1 turns
 27236 | Shoals:4 | Paralysed by an air elemental for 1 turns
 27618 | Shoals:4 | Received a gift from Trog
 27650 | Shoals:4 | Paralysed by an air elemental for 1 turns
 27651 | Shoals:4 | Reached skill level 15 in Shields
 27791 | Shoals:4 | Noticed a titan
 27800 | Shoals:4 | Killed a titan
 27855 | Shoals:4 | Got a barnacled rune of Zot
 28385 | Spider:1 | Entered Level 1 of the Spider Nest
 28923 | Spider:1 | Received a gift from Trog
 29015 | Spider:1 | Reached XP level 18. HP: 178/178 MP: 17/17
 29112 | Spider:1 | Reached ****** piety under Trog
 29314 | Lair:2   | Slain by a pharaoh ant

Illustrated notes

Levels and vault maps discovered:
D:1:      dpeg_arrival_tiny_a, layout_rooms, minmay_stone_trees_small
D:2:      layout_loops_corners, uniq_terence, uniq_sigmund
D:3:      kb_forest_paths, layout_basic, nicolae_overflow_hidden_temple,
          overflow_temple_1_default, biasface_ghost_orc_armoury
D:4:      layout_loops_cross, chequers_temple_overflow_statue_of_worship,
          nicolae_dithmenos_through_a_glass_darkly,
          minmay_temple_entry_purple_smoke, serial_shops,
          nicolae_shop_waterfront, serial_park_tiny_2
D:5:      layout_layer_cave
D:6:      layout_gridville, uniq_edmund
D:7:      minmay_flawed_box, layout_rooms
D:8:      layout_basic, hellmonk_lair_entry_icy, uniq_prince_ribbit1
D:9:      layout_cave_pools, enter_bailey_1
D:10:     layout_long_grid, kennysheep_orc_monster_closet_entryway,
          serial_shops, nicolae_shop_hallway_plus, uniq_fannar, uniq_maggie,
          uniq_grum
D:11:     layout_basic, ebering_ghost_rock_garden,
          chequers_serial_rivers_small_b
D:12:     layout_loops_ring, minmay_misc_feat_nine_boxes, uniq_josephine
D:13:     layout_rooms, lightli_vaults_fourway_checkpoint,
          gammafunk_ghost_arena, serial_shops, nicolae_diamond_shop
D:14:     layout_long_grid, serial_park_avenue1
D:15:     hangedman_depths_entry_civil_slaughter, layout_cave_pools,
          ashenzari_altar_1, maelrawn_ghost_gauntlet_escape, serial_shops,
          nicolae_shop_peninsula
Lair:1:   layout_big_grid, minmay_holes
Lair:2:   layout_regular_city, elwin_shoals_entry_stream,
          hellmonk_spider_entry_not_the_bees, roderic_batcave,
          grunt_megastairs_1, serial_bayou_shore_b
Lair:3:   hellmonk_destroyed_diamonds, layout_regular_city
Lair:4:   layout_loops_ring, special_room [special_room_bee],
          dreamdust_wasp_nest
Lair:5:   hangedman_lair_caniforms_friends, layout_misc_corridors, wormcave,
          minmay_slime_entry_oklob_open, nicolae_lair_grazing_beasts
          [nicolae_sub_lair_graze_edge, nicolae_sub_lair_graze_edge,
          nicolae_sub_lair_graze_edge, nicolae_sub_lair_graze_edge],
          serial_bayou_shore_a, lemuel_fruit_tree, infiniplex_staircase_pool
Shoals:1: layout_shoals, serial_shops, shop, nicolae_shop_bloodbath_and_beyond,
          nicolae_shop_tiny_waterfront, nicolae_shop_advertising_works
          [nicolae_subvault_shop_adworks], nicolae_shop_pleasant_corner_grove
Shoals:2: layout_shoals, ebering_ghost_davey_jones, uniq_aizul, uniq_polyphemus
Shoals:3: layout_shoals, lemuel_altar_in_water, uniq_jorgrun
Shoals:4: shoals_end_hellmonk_storm_palace [storm_palace_center_circular,
          storm_palace_corner_blocked, storm_palace_corner_narrow,
          storm_palace_corner_narrow, storm_palace_corner_altar], serial_shops
Spider:1: cheibrodos_forgotten_conduit, nicolae_spider_bug_shape
Orc:1:    layout_diamond_mine, enter_volcano_1, kennysheep_orc_chapel,
          uniq_maurice
Orc:2:    st_orc_open, layout_caves, special_room, serial_shops, shop

Skill      XL: |  1  2  3  4  5  6  7  8  9 10 11 12 13 14 15 16 17 18 |
---------------+-------------------------------------------------------+-----
Axes           | 4 5 6 7 8 10 | 10.4
Fighting       | 4 5 6 7 8 10 12 13 14 15 17 18 19 20 | 20.0
Dodging        | 3 4 5 6 7 8 9 10 | 10.7
Armour         | 3 5 6 8 9 10 11 12 13 14 16 17 | 17.5
Maces & Flails | 2 5 8 10 11 13 15 17 18 19 20 | 20.5
Throwing       | 1 |  1.7
Stealth        | 1 2 |  2.9
Shields        | 2 5 8 10 11 13 15 | 15.5

Action                     |  1- 3 |  4- 6 |  7- 9 | 10-12 | 13-15 | 16-18 || total
---------------------------+-------+-------+-------+-------+-------+-------++-------
  Melee: Hand axe          |    80 |   101 |       |       |       |       ||   181
         Headbutt          |     8 |    24 |    22 |    99 |   197 |   172 ||   522
         Punch             |     1 |     1 |       |     3 |       |       ||     5
         Mace              |       |     7 |   165 |   474 |   171 |       ||   817
         Battleaxe         |       |       |       |    73 |       |       ||    73
         Eveningstar       |       |       |       |       |   767 |   872 ||  1639
  Throw: Dart              |       |       |     7 |       |       |     3 ||    10
 Invoke: Berserk           |     2 |     4 |    12 |    28 |    24 |    27 ||    97
  Evoke: Wand              |       |       |       |       |     1 |       ||     1
         Box of beasts     |       |       |       |       |       |     1 ||     1
    Use: Potion            |       |       |     1 |     4 |     4 |     5 ||    14
         Scroll            |       |       |       |    22 |     5 |     8 ||    35
 Armour: Animal skin       |    47 |    14 |       |       |       |       ||    61
         Ring mail         |       |    31 |   193 |   469 |   541 |       ||  1234
         Scale mail        |       |    42 |       |       |       |       ||    42
         Plate armour      |       |     7 |       |       |       |       ||     7
         Gold dragon scale |       |       |       |       |   148 |   819 ||   967
  Dodge: Dodged            |    56 |    63 |   111 |   423 |   437 |   301 ||  1391
         Repelled          |       |       |     2 |       |    10 |    13 ||    25
  Block: Kite shield       |       |       |       |   227 |   725 |  1068 ||  2020
         Reflection        |       |       |       |       |       |    50 ||    50
